 Dungeon Crawl Stone Soup version 0.20.1-1-g8b1a95d (webtiles) character file.

102 Minstaer the Slasher (level 4, -1/38 HPs)
             Began as a Minotaur Gladiator on Nov 9, 2017.
             Killed by nerve-wracking pain
             ... invoked by Jessica
              (14 damage)
             ... on level 3 of the Dungeon on Nov 10, 2017.
             The game lasted 00:09:41 (1991 turns).

Minstaer the Slasher (Minotaur Gladiator)           Turns: 1991, Time: 00:09:42

Health: -1/38      AC:  6    Str: 19    XL:     4   Next: 49%
Magic:  3/3        EV: 12    Int:  5    God:
Gold:   103        SH:  0    Dex: 12    Spells: 3/3 levels left

rFire    . . .     SeeInvis .   a - +0 long sword
rCold    . . .     Gourm    .   (no shield)
rNeg     . . .     Faith    .   t - +0 ring mail
rPois    .         Spirit   .   c - +0 hat
rElec    .         Reflect  .   (no cloak)
rCorr    +         Harm     .   u - +0 pair of gloves
MR       .....                  (no boots)
Stlth    +.........             (no amulet)
Regen    0.2/turn               k - ring of resist corrosion
MPRegen  0.1/turn               (no ring)

@: lethally poisoned (-1 -> -9)
A: retaliatory headbutt, horns 2
a: no special abilities


You were on level 3 of the Dungeon.
You were not hungry.

You visited 1 branch of the dungeon, and saw 3 of its levels.

You collected 103 gold pieces.

Inventory:

Hand Weapons
 a - a +0 long sword (weapon)
 b - a +0 hunting sling
Missiles
 d - 3 throwing nets (quivered)
 g - 37 arrows
 h - 27 sling bullets
 i - 120 stones
 q - 51 bolts
Armour
 c - a +0 hat (worn)
 t - a +0 ring mail (worn)
 u - a +0 pair of gloves (worn)
Jewellery
 k - a ring of resist corrosion (left hand)
Scrolls
 e - 2 scrolls of remove curse
 j - 3 scrolls of teleportation
 n - a scroll of enchant weapon {unknown}
 o - a scroll of fear
 p - a scroll of immolation {unknown}
 r - a scroll of identify {unknown}
 s - a scroll of magic mapping {unknown}
Comestibles
 f - 3 bread rations
 l - 2 meat rations
 m - 4 chunks of flesh


   Skills:
 + Level 3.5 Fighting
 + Level 4.7 Long Blades
 - Level 2.0 Throwing
 + Level 1.7 Armour
 + Level 4.1 Dodging


You had 3 spell levels left.
You didn't know any spells.

Dungeon Overview and Level Annotations

Branches:
Dungeon (3/15)

Altars:
Ashenzari

Annotations:
D:3 Jessica


Innate Abilities, Weirdness & Mutations

You reflexively headbutt those who attack you in melee.
You have a pair of horns on your head.


Message History

Jessica seems to speed up.
The kobold barely misses you.
You riposte.
You closely miss the kobold. Your headbutt misses the kobold.
The kobold is severely wounded.
You hit the kobold.
You kill the kobold!
You feel sick.
Press: ? - help, v - describe, . - travel
Here: Jessica, wearing a robe (fast)
The floor.
You aren't carrying any potions.
You feel sick.
Jessica points at you and mumbles some strange words.
Pain shoots through your body!
Items here: ( )) † an uncursed dagger of venom; an uncursed blowgun; 17 poisoned needles a kobold corpse You feel sick.
Jessica casts a spell at you. Pain shoots through your body!
You die...

## #.# #########<#
#.........#
##.........###########
#............#.......#
###.........#.##.#####.#
........).(('.##........
.......@....#.##..#.....
.....@#######.##........
..... #...#.#####. ####
#.....##.....).
#...#.##.###.#.
#...#.##.# #.##
#.#...#..#.###.#.
#.'>.......).).##
#.#......#####.#.


You could see Jessica.

Vanquished Creatures
  An orc wizard (D:3)
  2 adders (D:2)
  2 worms (D:2)
  A dart slug (D:3)
  2 leopard geckos (D:2)
  2 orcs (D:3)
  6 bats
  3 giant cockroaches
  A goblin (D:2)
  10 hobgoblins
  5 kobolds
  2 ball pythons (D:2)
  3 frilled lizards
  3 rats
43 creatures vanquished.

Notes
Turn   | Place    | Note
-------+----------+-------------------------------------------
     0 | D:1      | Minstaer the Minotaur Gladiator began the quest for the Orb.
     0 | D:1      | Reached XP level 1. HP: 18/18 MP: 0/0
   156 | D:1      | Reached XP level 2. HP: 25/25 MP: 1/1
   903 | D:2      | Reached XP level 3. HP: 31/31 MP: 2/2
   904 | D:2      | Found a shattered altar of Ashenzari.
  1210 | D:2      | Found a faded altar of an unknown god.
  1272 | D:2      | Reached skill level 1 in Armour
  1941 | D:3      | Reached XP level 4. HP: 32/38 MP: 3/3
  1986 | D:3      | Noticed Jessica
  1991 | D:3      | Killed from afar by Jessica

Skill      XL: |  1  2  3 |
---------------+----------+-----
Long Blades    | 4 |  4.7
Fighting       | 3 |  3.5
Armour         | 1 |  1.7
Dodging        | 4 |  4.1
Throwing       | |  2.0

Action                   |  1- 3 |  4- 6 || total
-------------------------+-------+-------++-------
Melee: Long sword        |    69 |     9 ||    78
       Headbutt          |    13 |     3 ||    16
  Use: Scroll            |     3 |       ||     3
  Eat: Chunk             |     3 |       ||     3
Armor: Leather armour    |     9 |       ||     9
       Ring mail         |     9 |       ||     9
Dodge: Dodged            |    50 |     4 ||    54
       Rpst.: Long sword |    13 |     1 ||    14
